 Dungeon Crawl Stone Soup version 0.22-a0-32-ga749362 (webtiles) character file.

165 KristoblXynda the Sneak (level 5, -1/49 HPs)
             Began as a Naga Fighter on Jan 3, 2018.
             Slain by Sigmund
             ... wielding a +0 scythe
              (13 damage)
             ... on level 3 of the Dungeon.
             The game lasted 00:04:05 (2015 turns).

KristoblXynda the Sneak (Naga Fighter)              Turns: 2015, Time: 00:04:05

Health: -1/49      AC:  4    Str: 18    XL:     5   Next: 46%
Magic:  14/14      EV:  6    Int: 10    God:
Gold:   82         SH:  8    Dex: 10    Spells: 4/4 levels left

rFire    . . .     SeeInvis +   a - +0 war axe
rCold    . . .     Gourm    .   c - +0 shield
rNeg     . . .     Faith    .   k - +0 ring mail
rPois    +         Spirit   .   (no helmet)
rElec    .         Reflect  .   (no cloak)
rCorr    .         Harm     .   (no gloves)
MR       .....                  (no barding)
Stlth    ++........             (no amulet)
HPRegen  0.16/turn              g - ring of magical power
MPRegen  0.14/turn              (no ring)

@: very slow
A: large, see invisible, deformed body, poison resistance, slowness 2, slow
metabolism 1, spit poison 1, AC +1
a: Spit Poison


You were on level 3 of the Dungeon.
You were not hungry.

You visited 1 branch of the dungeon, and saw 3 of its levels.
You also visited: Sewer.

You collected 82 gold pieces.

Inventory:

Hand Weapons
 a - a +0 war axe (weapon)
Missiles
 o - 5 javelins (quivered)
Armour
 c - a +0 shield (worn)
 k - a +0 ring mail (worn)
Jewellery
 g - a ring of magical power (left hand)
Scrolls
 h - 2 scrolls of teleportation
 n - a scroll of amnesia {unknown}
 p - a scroll of enchant armour {unknown}
Potions
 b - a potion of heal wounds {unknown}
 d - a potion of might
 e - a potion of curing
 i - 2 potions of flight
Comestibles
 f - 2 rations


   Skills:
 - Level 3.0 Fighting
 + Level 3.5 Axes
 + Level 3.4 Armour
 + Level 4.4 Stealth
 - Level 2.4 Shields


You had 4 spell levels left.
You didn't know any spells.

Dungeon Overview and Level Annotations

Branches:
Dungeon (3/15)

Altars:
Hepliaklqana
Nemelex Xobeh
Okawaru
Trog
Xom
Zin

Annotations:
D:3 Sigmund


Innate Abilities, Weirdness & Mutations

You cannot wear boots.
Your serpentine skin is tough. (AC +1)
You have supernaturally acute eyesight. (SInv)
Armour fits poorly on your strangely shaped body.
Your system is resistant to poisons. (rPois)
You cover ground very slowly.
You have a slow metabolism.
You can spit poison.


Message History

The adder bites you.
You hit the adder.
You kill the adder!
Sigmund hits you from afar with a scythe.
The kobold throws a stone.
The stone barely misses you.
Press: ? - help, Shift-Dir - straight line, f - Sigmund
Aim: Sigmund, wielding a scythe and wearing a robe The splash of poison hits Sigmund.
Sigmund is poisoned.
Sigmund is lightly wounded.
You feel slightly more hungry. Sigmund barely misses you.
You closely miss the kobold. The kobold hits you but does no damage.
Sigmund screams, "I am the angel of ZOT!!!"
Sigmund hits you from afar with a scythe!
* * * LOW HITPOINT WARNING * * *
Your shield and ring mail prevent you from hitting the kobold.
The kobold hits you but does no damage.
You have got your breath back.
You block the kobold's attack.
Sigmund hits you from afar with a scythe!
You die...

<#,,,*
*......****#+#* #.#
.###,****,.....*
#.# #.#
...#,,,,,,,....###
#.# #.###
.........,,,.....#
#.####.#.#
.........,,**....#
#.#......#
.........,,**,...*
#.#......###
.........,,***#@#*
#.##.......###
.........,,* #K##
#....#...#....
.#.......,,* #.@#
#....≈≈≈≈≈...#
.,.......,,*
##.###..#≈≈≈≈≈≈≈#.#
************
#..##...≈≈≈≈≈≈≈..#
* ######
##.##...≈≈≈.÷≈≈...
* #....#
#......≈≈≈≈≈≈≈≈.( *
#.##.#
##....#≈≈≈≈≈≈≈#.# *
#.##.#
#......≈≈≈≈≈...# *
#.##.#
##.....#≈.≈#.... *
#.##.#
#..##..........


You could see Sigmund and a kobold.

Vanquished Creatures
  A big kobold (Sewer)
  2 adders
  2 river rats (Sewer)
  An ooze (D:1)
  3 worms
  A dart slug (D:1)
  4 leopard geckos
  A ball python (D:3)
  2 giant cockroaches
  5 hobgoblins
  3 jackals
  8 kobolds
  2 bats (D:1)
  A frilled lizard (D:3)
  6 goblins
  6 rats
48 creatures vanquished.

Notes
Turn   | Place    | Note
-------+----------+-------------------------------------------
     0 | D:1      | KristoblXynda the Naga Fighter began the quest for the Orb.
     0 | D:1      | Reached XP level 1. HP: 21/21 MP: 1/1
    23 | D:1      | Reached skill level 1 in Stealth
    23 | D:1      | Reached XP level 2. HP: 13/28 MP: 2/2
   298 | D:1      | Reached skill level 2 in Stealth
   523 | D:1      | Reached XP level 3. HP: 34/34 MP: 3/3
   702 | D:1      | Found a sparkling altar of Nemelex Xobeh.
   968 | D:2      | Found a shimmering altar of Xom.
   968 | D:2      | Found a sparkling altar of Nemelex Xobeh.
   969 | D:2      | Found an iron altar of Okawaru.
   971 | D:2      | Found a hazy altar of Hepliaklqana.
   972 | D:2      | Found a glowing silver altar of Zin.
  1188 | D:2      | Found a bloodstained altar of Trog.
  1544 | D:3      | Found a glowing drain.
  1558 | D:3      | Reached skill level 3 in Stealth
  1566 | D:3      | Reached XP level 4. HP: 21/42 MP: 4/4
  1614 | Sewer    | Entered a sewer
  1906 | Sewer    | Noticed a big kobold
  1924 | Sewer    | Killed a big kobold
  1924 | Sewer    | Reached skill level 4 in Stealth
  1924 | Sewer    | Reached XP level 5. HP: 47/49 MP: 5/5
  1943 | Sewer    | Found a white marble altar of Elyvilon.
  2004 | D:3      | Noticed Sigmund
  2015 | D:3      | Slain by Sigmund

Vault maps used:
D:1:      moated_graveyard_arrival, nemelex_xobeh_ov_fountains_minmay
D:2:      grunt_temple_overflow_open, lightli_temple_of_fire
D:3:      cheibriados_altar_1, cheibrodos_sewer_entry_drain, uniq_sigmund
Sewer:    sewer_kobolds

Skill      XL: |  1  2  3  4 |
---------------+-------------+-----
Stealth        | 1 2 3 4 |  4.4
Armour         | 3 |  3.4
Axes           | 3 |  3.5
Fighting       | |  3.0
Shields        | |  2.4

Action                   |  1- 3 |  4- 6 || total
-------------------------+-------+-------++-------
Melee: War axe           |    85 |    38 ||   123
 Abil: Spit Poison       |     6 |     4 ||    10
  Use: Scroll            |     3 |       ||     3
       Potion            |       |     5 ||     5
  Eat: Chunk             |     1 |     1 ||     2
       Ration            |       |     1 ||     1
Armor: Scale mail        |    17 |       ||    17
       Ring mail         |    14 |    19 ||    33
       Skin              |       |     6 ||     6
Dodge: Dodged            |    19 |    10 ||    29
Block: Shield            |    51 |    35 ||    86

Table legend:
 A = Spawn XP
 B = Non-spawn XP
 C = Spawn XP percentage of total XP
 D = Spawn monster count
 E = Non-spawn monster count
 F = Spawn count percentage of total count
 G = Total turns spent on level
                    A         B        C        D         E        F      G
               +---------+---------+-------+---------+---------+-------+---------
         Total |       0 |     237 |   0.0 |       0 |      48 |   0.0 |  2015
               +---------+---------+-------+---------+---------+-------+---------
           D:1 |       0 |      37 |   0.0 |       0 |      18 |   0.0 |   881
           D:2 |       0 |      34 |   0.0 |       0 |      10 |   0.0 |   560
           D:3 |       0 |      34 |   0.0 |       0 |       8 |   0.0 |   209
         Sewer |       0 |     132 |   0.0 |       0 |      12 |   0.0 |   365
               +---------+---------+-------+---------+---------+-------+---------
